 Dungeon Crawl Stone Soup version 0.28.0-53-g5a82cb258f (webtiles) character file.

Game seed: 16914269140453564502

5339 Kranky the Fighter (level 10, -1/76 HPs)
             Began as an Octopode Fighter on June 20, 2022.
             Was a High Priest of Okawaru.
             Slain by a komodo dragon (14 damage)
             ... on level 10 of the Dungeon.
             The game lasted 00:23:15 (12743 turns).

Kranky the Fighter (Octopode Fighter)              Turns: 12743, Time: 00:23:16

Health: -1/76      AC:  8    Str: 15    XL:     10   Next: 65%
Magic:  10/10      EV: 19    Int: 17    God:    Okawaru [*****.]
Gold:   248        SH:  6    Dex: 16    Spells: 9/9 levels left

rFire   . . .      SeeInvis +   H - +2 flail (protect)
rCold   . . .      Faith    .   b - +0 buckler
rNeg    . . .      Spirit   .   (helmet restricted)
rPois   +          Reflect  .   (no amulet)
rElec   .          Harm     .   y - +4 ring of evasion
rCorr   .          Rampage  .   a - ring of poison resistance
Will    .....                   D - +6 ring of intelligence
Stlth   +++++.....              E - ring of see invisible
HPRegen 0.22/turn               (no ring)
MPRegen 0.12/turn               (no ring)
                                (no ring)
                                (no ring)

@: under a protective aura
A: almost no armour, amphibious, 8 rings, camouflage 1, gelatinous body 1,
(nimble swimmer 1), tentacles
a: Renounce Religion, Heroism, Finesse, Duel


You were on level 10 of the Dungeon.
You worshipped Okawaru.
Okawaru was extremely pleased with you.
You visited 2 branches of the dungeon, and saw 11 of its levels.

You collected 409 gold pieces.
You spent 161 gold pieces at shops.

Inventory:

Hand Weapons
 o - a +2 hand axe of electrocution
 B - a +3 spear of freezing
 G - a +3 long sword of freezing
 H - a +2 flail of protection (weapon)
Armour
 b - a +0 buckler (worn)
Jewellery
 a - a ring of poison resistance (right tentacle)
 y - a +4 ring of evasion (left tentacle)
 D - a +6 ring of intelligence (on tentacle)
 E - a ring of see invisible (on tentacle)
Wands
 j - a wand of paralysis (5)
 l - a wand of flame (19)
 w - a wand of mindburst (17)
Scrolls
 d - 2 scrolls of enchant armour {unknown}
 f - 3 scrolls of noise {unknown}
 g - 7 scrolls of holy word {unknown}
 h - 8 scrolls of identify
 m - a scroll of vulnerability {unknown}
 n - a scroll of teleportation {unknown}
 q - 2 scrolls of enchant weapon {unknown}
 u - a scroll of torment {unknown}
 v - a scroll of magic mapping
 x - 3 scrolls of blinking
 F - 3 scrolls of fog {unknown}
Potions
 c - 3 potions of might
 i - 3 potions of attraction {unknown}
 k - a potion of curing {unknown}
 p - a potion of heal wounds {unknown}
 r - 2 potions of berserk rage {unknown}
 s - a potion of haste {unknown}
 t - a potion of mutation {unknown}
 z - 3 potions of invisibility {unknown}
 A - a potion of brilliance {unknown}
 C - a potion of lignification {unknown}


   Skills:
 - Level 10.0 Fighting
 * Level 3.5 Maces & Flails
 - Level 0.3(1.4) Slings
 - Level 0.3 Bows
 * Level 2.2(2.3) Throwing
 - Level 6.0 Dodging
 - Level 8.0 Stealth
 - Level 8.0 Shields
 - Level 5.0 Evocations


You had 9 spell levels left.
You didn't know any spells.
Your spell library contained the following spells:

 Spells                   Type           Power      Damage    Failure   Level
 Static Discharge         Conj/Air       0%         N/A       41%         2
 Ozocubu's Armour         Ice            0%         N/A       65%         3
 Passage of Golubria      Tloc           0%         N/A       96%         4
 Lightning Bolt           Conj/Air       0%         1d11      100%        5
 Metabolic Englaciation   Hex/Ice        0%         N/A       100%        5
 Yara's Violent Unravell  Hex/Tmut       0%         3d3       100%        5
 Maxwell's Capacitive Co  Air            0%         ∞         100%        8
 Tukima's Dance           Hex            Unusable   N/A       N/A         3
 Simulacrum               Ice/Necr       Unusable   N/A       N/A         6

Dungeon Overview and Level Annotations

Branches:
Dungeon (10/15)            Temple (1/1) D:4
   Lair: D:8-11         Orc: D:9-12

Altars:
Ashenzari
Cheibriados
Dithmenos
Elyvilon
Fedhas
Gozag
Hepliaklqana
Kikubaaqudgha
Makhleb
Nemelex Xobeh
Okawaru
Qazlal
Ru
Sif Muna
Trog
Uskayaw
Vehumet
Wu Jian
Xom
Yredelemnul
Zin
The Shining One

Shops:
D:3 [   D:7 ?   D:8 ?   D:9 :

Annotations:
D:5 1 runed translucent door, Lennethare's ghost, novice DECj
D:8 Maurice


Innate Abilities, Weirdness & Mutations

You cannot wear most types of armour.
You are amphibious.
You can wear up to eight rings at the same time.
Your skin changes colour to match your surroundings (Stealth+).
Your rubbery body absorbs attacks. (AC +1, EV +1)
((You are camouflaged when in or above water. (Stealth+)))
You have tentacles for arms and can constrict up to eight enemies at once.


Message History

The komodo dragon closely misses you. You block the komodo dragon's attack.
You hit the komodo dragon but do no damage.
Your weapon exudes an aura of protection.
The komodo dragon is severely wounded.
The komodo dragon closely misses you.
You hit the komodo dragon but do no damage.
The komodo dragon is severely wounded.
The komodo dragon misses you.
You completely miss the komodo dragon.
The komodo dragon is severely wounded.
The komodo dragon barely misses you. The komodo dragon bites you!!
You hit the komodo dragon.
The komodo dragon is almost dead.
You block the komodo dragon's attack.
You hit the komodo dragon but do no damage.
Your squeeze misses the komodo dragon.
The komodo dragon is almost dead.
You block the komodo dragon's attack.
You closely miss the komodo dragon.
The komodo dragon is almost dead.
The komodo dragon misses you.
You hit the komodo dragon but do no damage.
The komodo dragon is almost dead.
The komodo dragon bites you!! x2
* * * LOW HITPOINT WARNING * * *
You hit the komodo dragon but do no damage.
The komodo dragon is almost dead.
You block the komodo dragon's attack.
You closely miss the komodo dragon.
You squeeze the komodo dragon, but do no damage.
The komodo dragon is almost dead.
The komodo dragon closely misses you.
You hit the komodo dragon but do no damage.
The komodo dragon is almost dead.
You block the komodo dragon's attack.
You hit the komodo dragon but do no damage.
You tentacle-slap the komodo dragon. You squeeze the komodo dragon.
The komodo dragon is almost dead.
The komodo dragon bites you!
You die...

.......)..............#,,≈≈≈≈≈≈≈≈
......................+,,≈*******
...<..................#,,≈*∩,,,>*
......................#,,≈*,,,,,*
...........##+##......#+,≈**+++**
+###.......#,,,#........,≈≈≈≈≈≈≈≈
,,,#########,,,+........,≈≈≈≈≈≈≈≈
>,,,,,,,,,,*,,,#........,,,,,,,,,
,,,,,,,,,,,*,,,#@.......,*,,,,,,,
,,,,,,,,,,,*,,,#.l...$..,*****+*,
,,,,,,,,,,,*,,,#######..,,,,,,,,,
*******,,,**,,,**,,,,*..,,,,,,,,,
*,,,**,,,**,,,,*,,,,,,,,,,,
*,,,,,,,,+,,,,,*,,,,,,,,,,,
*,,,,,,,,**,,,**,,,,,,,,,,,
*,,,,,,,,**,,,******,,,,,,*
*,,,,,,,,*,,,,,* *,,,,,,*


You could see a komodo dragon.

Vanquished Creatures
  A two-headed ogre (D:9)
  2 trolls (D:9)
  3 yaks
  Eustachio (D:6)
  A steam dragon (D:6)
  An acid dragon (D:7)
  A hornet zombie (D:6)
  2 orc warriors (D:9)
  Pargi (D:3)
  A sky beast (D:8)
  3 necrophages
  2 ice beasts
  2 black bears
  2 ogres
  A centaur (D:9)
  Blork the orc (D:5)
  3 bullfrogs
  A scorpion (D:6)
  A wyvern zombie (D:7)
  2 water moccasin zombies (D:5)
  A water moccasin skeleton (D:6)
  4 killer bees (D:8)
  5 howler monkeys
  10 wights
  2 jellies
  2 orc priests
  7 hounds
  A gnoll shaman (D:7)
  2 bullfrog skeletons
  Jessica (D:2)
  3 iguanas
  7 orc wizards
  A hound skeleton (D:5)
  4 gnolls (D:7)
  10 adders
  A shadow imp (D:6)
  An ufetubus (D:5)
  2 dart slugs
  19 orcs
  5 endoplasms
  5 giant cockroaches
  6 goblins
  5 hobgoblins
  5 jackals
  4 quokkas
  6 ball pythons
  6 bats
  11 kobolds
  4 rats
172 creatures vanquished.

Notes
Turn   | Place    | Note
-------+----------+-------------------------------------------
     0 | D:1      | Kranky the Octopode Fighter began the quest for the Orb.
     0 | D:1      | Reached XP level 1. HP: 16/16 MP: 1/1
    95 | D:1      | Reached skill level 1 in Stealth
   138 | D:1      | Reached XP level 2. HP: 21/21 MP: 2/2
   251 | D:1      | Found a faded altar of an unknown god.
   537 | D:1      | Reached XP level 3. HP: 25/26 MP: 3/3
  1275 | D:2      | Reached skill level 4 in Fighting
  1275 | D:2      | Reached XP level 4. HP: 33/33 MP: 4/4
  1461 | D:2      | Noticed Jessica
  1465 | D:2      | Killed Jessica
  1466 | D:2      | Reached XP level 5. HP: 37/37 MP: 5/5
  1679 | D:3      | Found a radiant altar of Vehumet.
  1907 | D:3      | Noticed Pargi
  1944 | D:3      | Killed Pargi
  1945 | D:3      | Reached XP level 6. HP: 18/45 MP: 6/6
  2330 | D:3      | Found Muajo's Armour Shoppe.
  2690 | D:3      | Found an opulent altar of Gozag.
  2737 | D:4      | Found a staircase to the Ecumenical Temple.
  2737 | D:4      | Noticed an acid dragon
  3044 | Temple   | Entered the Ecumenical Temple
  3456 | Temple   | Became a worshipper of Warmaster Okawaru
  5187 | D:4      | Reached skill level 5 in Fighting
  5235 | D:4      | Found a shimmering blue altar of Sif Muna.
  5236 | D:4      | Found a white marble altar of Elyvilon.
  5377 | D:4      | Reached XP level 7. HP: 50/50 MP: 7/7
  5665 | D:4      | Reached skill level 5 in Dodging
  5688 | D:5      | Entered Level 5 of the Dungeon
  5866 | D:5      | Reached * piety under Okawaru
  6222 | D:5      | Noticed Blork the orc
  6230 | D:5      | Killed Blork the orc
  6231 | D:5      | Found a runed translucent door.
  6239 | D:5      | Noticed Lennethare's ghost (novice DECj)
  6385 | D:5      | Reached skill level 6 in Fighting
  6494 | D:5      | Reached XP level 8. HP: 52/57 MP: 8/8
  6583 | D:5      | Reached skill level 5 in Shields
  6597 | D:5      | Reached ** piety under Okawaru
  7098 | D:6      | Reached skill level 7 in Fighting
  7182 | D:6      | Noticed Eustachio
  7192 | D:6      | Killed Eustachio
  7591 | D:6      | Reached XP level 9. HP: 66/66 MP: 9/9
  7638 | D:6      | Reached skill level 8 in Fighting
  8617 | D:7      | Reached *** piety under Okawaru
  8618 | D:7      | Reached skill level 1 in Evocations
  8832 | D:7      | Found Wissarykh's Magic Scroll Shoppe.
  8842 | D:7      | Bought a scroll of identify for 26 gold pieces
  8842 | D:7      | Bought a scroll of magic mapping for 45 gold pieces
  9494 | D:7      | Reached skill level 9 in Fighting
 10424 | D:8      | Reached **** piety under Okawaru
 10425 | D:8      | Reached XP level 10. HP: 41/75 MP: 10/10
 10628 | D:8      | Reached skill level 10 in Fighting
 10632 | D:8      | Reached skill level 5 in Evocations
 10809 | D:8      | Found Baol's Magic Scroll Boutique.
 10812 | D:8      | Bought a scroll of blinking for 90 gold pieces
 11004 | D:8      | Noticed Maurice
 11351 | D:9      | Reached skill level 5 in Stealth
 11452 | D:9      | Found Guitroism's Book Shop.
 11830 | D:9      | Noticed a two-headed ogre
 12035 | D:9      | Killed a two-headed ogre
 12035 | D:9      | Reached ***** piety under Okawaru
 12036 | D:9      | Reached skill level 1 in Throwing
 12308 | D:9      | Received a gift from Okawaru
 12708 | D:10     | Entered Level 10 of the Dungeon
 12743 | D:10     | Slain by a komodo dragon

Illustrated notes

Levels and vault maps discovered:
D:1:      amcnicky_arrival_single_pillar, layout_basic,
          dreamdust_ecumenical_altar_statues
D:2:      layout_loops_ring, chequers_serial_rivers_room_b,
          minmay_misc_feat_diagonals, minmay_hedge_maze,
          kennysheep_generic_room_14, uniq_jessica, uniq_crazy_yiuf_cottage
D:3:      layout_basic, minitemple, serial_shops, shop, uniq_pargi
D:4:      layout_cave_pods, mainiacjoe_overflow_catwalk_spiral,
          minmay_temple_entry_ruins
D:5:      layout_loops_ring, ebering_ghost_sewer_d,
          nicolae_concentric_dashed_squares_wild, minmay_crystal_water,
          kennysheep_potato, uniq_blork_the_orc
D:6:      layout_basic, uniq_eustachio
D:7:      layout_rooms, serial_shops, shop_statue
D:8:      layout_rooms, serial_shops, nicolae_shop_behind_doors,
          serial_bayou_crossing, uniq_maurice
D:9:      layout_roguey, serial_shops, nicolae_lakefront_shop
D:10:     layout_gridville, enter_bailey_4, enter_trove_0, minivault_23,
          nicolae_concentric_dashed_squares_mild
Temple:   dpeg_five_rooms_temple

Skill      XL: |  1  2  3  4  5  6  7  8  9 10 |
---------------+-------------------------------+-----
Stealth        | 1 2 3 8 |  8.0
Fighting       | 4 5 6 7 9 10 | 10.0
Dodging        | 4 6 |  6.0
Shields        | 4 6 8 |  8.0
Evocations     | 4 5 |  5.0
Throwing       | 2 |  2.2
Maces & Flails | 3 |  3.5
Slings         | |  0.3
Bows           | |  0.3

Action                   |  1- 3 |  4- 6 |  7- 9 | 10-12 || total
-------------------------+-------+-------+-------+-------++-------
Melee: Flail             |    18 |       |       |    44 ||    62
       Constrict         |    13 |    15 |    56 |    21 ||   105
       Tentacles         |     6 |    20 |   103 |    42 ||   171
       Dagger            |    40 |   101 |   362 |   115 ||   618
       Punch             |       |     4 |     4 |     5 ||    13
Evoke: Wand              |       |       |     6 |     1 ||     7
  Use: Scroll            |       |       |       |     1 ||     1
 Stab: Sleeping          |    14 |    10 |     4 |     4 ||    32
       Distracted        |     1 |       |     1 |       ||     2
       Paralysed         |       |       |     8 |     7 ||    15
Armor: Skin              |     5 |    41 |    68 |    28 ||   142
Dodge: Dodged            |    22 |    75 |   209 |    94 ||   400
Block: Buckler           |    10 |    23 |    82 |    48 ||   163
